Unix NetHack Version 5.0.0-0 post-release - last build Jun 10 2026 00:39:30 (3ee93aec679c4c4259841fe613dc97188e26a321,branch:main).

Game began 2026-06-14 15:15:19, ended 2026-06-14 15:27:03.

DiePARTEI, neutral male human Tourist

    ----          ---
    |..--        --.-----     ----                         ----
    |...|       --......|    --..----                     --..----
    |...|   -----......-------...%..--#-                  |......--
    |.-.|  --.....|..............--.%..---                |.......--
    |...|  |..<|..|------------.------..@----             --.......|
    |...|  --%--..--          ---|..----Z...|              |......-- ----
    |...|   |......|            --...---....---         ----.....--  |..|
  ---...--  -----..|            |.............|         |....|...--  |..| ----
  |......|      |.--            |.......--....--        |.-----...|  |.-|--..|
  --...|.|      |.-----         |.....----.....-----    |.|   #..--  |..||...|
   --..|.|---   |.....|         --....| |..).......--   |.|   -#--   --.||-..--
    |..|.|..--  -----.|          ---..---...........--  |.|     #     |.||....|
    |..|.....|   ----.|            --.............>..|  |.--     #--- |.|--..--
    |..|--..-|  --....----          --..............-----..---  --..| |.|.|.-|
   --..| --..----........|           --......................----...---......--
   |...|  --..--........--            --........--...---......................|
   |..--   |...........--              |........|--..| |........--...........--
   ----    |..|.|......|               ----..---- ---- |.....|..|---.........|
           -------..----                  |..|         ---.------  |..---.----
                 ----                     ----           ---       ---- ---
DiePARTEI the Sightseer     St:11 Dx:10 Co:17 In:17 Wi:8 Ch:13  Neutral
Dlvl:4  $:909 HP:0(39) Pw:11(11) AC:8  Xp:4 T:805 

Latest messages:
 Really step into that teleportation trap? [yn] (n) y
 You materialize in a different location!
 Your candle is getting short.
 You swap places with Idefix.
 Really step into that teleportation trap? [yn] (n) y
 You materialize in a different location!
 You swap places with Idefix.
 Really step into that teleportation trap? [yn] (n) y
 You escape a teleportation trap.
 Your candle's flame flickers low!
 H - a towel.
 You see here a dagger.
 There is a grave here.
 Something is engraved here on the headstone.
 You read: "6tay9, killed by a gold golem".
 There are many objects here.
 I - 7 darts.
 J - 4 food rations.
 K - a tripe ration.
 Your candle is consumed!
 Its flame dies.
 You climb up the stairs.
 You hear an E note squeak nearby.
 Where do you want to travel to?
 (For instructions type a '?')
 You hit the newt.
 The newt bites!
 You miss the newt.
 The gnome just misses!
 The gnome hits!
 The gnome hits!
 The dwarf throws a dagger!
 You are hit by a dagger.
 The dwarf hits!
 You hear some noises in the distance.
 The gnome shoots 2 crossbow bolts!
 You are hit by the 1st crossbow bolt.
 You are hit by the 2nd crossbow bolt.
 The dwarf hits!
 The dwarf zombie hits!
 The dwarf zombie hits!
 Are you sure you want to pray? [yn] (n) y
 You begin praying to The Lady.
 The dwarf zombie hits!
 You die...
 Do you want your possessions identified? [ynq] (y) y
 Do you want to see your attributes? [ynq] (y) y
 Do you want an account of creatures vanquished? [ynaq] (y) y
 Do you want to see your conduct and achievements? [ynq] (y) y
 Do you want to see the dungeon overview? [ynq] (y) y

Inventory:
 Coins    ('$')
  $ - 909 gold pieces
 Weapons  (')')
  r - 9 +0 arrows
  a - 32 +2 darts (at the ready)
  I - 7 +0 darts
  o - a blessed +2 orcish dagger
 Armor    ('[')
  y - an uncursed +0 pair of iron shoes (being worn)
  k - an uncursed +0 Hawaiian shirt with a parrot motif (being worn)
 Comestibles  ('%')
  c - 7 uncursed food rations
  J - 4 cursed food rations
  b - an uncursed fortune cookie
  q - an uncursed lembas wafer
  f - an uncursed orange
  d - an uncursed tripe ration
  K - a cursed tripe ration
 Scrolls  ('?')
  u - a blessed scroll of amnesia
  B - a cursed scroll of create monster
  z - a cursed scroll of genocide
  s - an uncursed scroll of identify
  A - a cursed scroll of identify
 Potions  ('!')
  C - a cursed potion of extra healing
  x - an uncursed potion of paralysis
  v - an uncursed potion of water
 Wands    ('/')
  n - a wand of probing (0:1)
 Tools    ('(')
  D - a cursed oilskin sack containing 1 item
  E - a cursed sack containing 1 item
  m - an uncursed credit card
  l - an expensive camera (0:44)
  H - an uncursed towel
  F - a cursed partly used wax candle (lit)
 Gems/Stones  ('*')
  w - an uncursed agate stone
  G - an uncursed fluorite stone

Contents of the oilskin sack:
  an uncursed scroll of identify

Contents of the sack:
  an uncursed food ration

DiePARTEI the Tourist's attributes:

Background:
 You were a Sightseer, a level 4 male human Tourist.
 You were neutral, on a mission for The Lady
 who was opposed by Blind Io (lawful) and Offler (chaotic).
 You were right-handed.
 You were in the Gnomish Mines, on level 4.
 You entered the dungeon 805 turns ago.
 There was a new moon in effect when your adventure ended.
 You had 137 experience points, 23 more were needed to attain level 5.

Basics:
 You had 0 out of 39 hit points.
 You had all 11 energy points (spell power).
 Your armor class was 8.
 Your wallet contained 909 zorkmids.
 Autopickup was off.

Final Characteristics:
 Your strength was 11 (limit:18/100).
 Your dexterity was 10 (limit:18).
 Your constitution was 17 (limit:18).
 Your intelligence was 17 (limit:18).
 Your wisdom was 8 (limit:18).
 Your charisma was 13 (limit:18).

Final Status:
 You weren't hungry.
 You were unencumbered.
 You were bare handed.
 You were unskilled in bare handed combat.

Final Attributes:
 You were fervently aligned.
 You are dead.

Miscellaneous:
 You encountered 2 bones levels.
 Total elapsed playing time was 11 minutes and 43 seconds.

Major events:
 Turn
    1: DiePARTEI the neutral male human Tourist entered the dungeon
  419: entered the Gnomish Mines
  477: attained the rank of Sightseer (level 3)
  697: reached Mine Town
  805: killed by a dwarf zombie, while praying

You didn't know any spells.

Skills:
 Fighting Skills
   bare handed combat [Unskilled]
   two weapon combat  [Unskilled]
   riding             [Unskilled]
 Weapon Skills
   dagger             [Unskilled]
   knife              [Unskilled]
   axe                [Unskilled]
   pick-axe           [Unskilled]
   short sword        [Unskilled]
   broadsword         [Unskilled]
   long sword         [Unskilled]
   two-handed sword   [Unskilled]
   saber              [Unskilled]
   mace               [Unskilled]
   morning star       [Unskilled]
   flail              [Unskilled]
   hammer             [Unskilled]
   quarterstaff       [Unskilled]
   polearms           [Unskilled]
   spear              [Unskilled]
   trident            [Unskilled]
   lance              [Unskilled]
   bow                [Unskilled]
   sling              [Unskilled]
   crossbow           [Unskilled]
   dart               [Basic]
   shuriken           [Unskilled]
   boomerang          [Unskilled]
   whip               [Unskilled]
   unicorn horn       [Unskilled]
 Spellcasting Skills
   divination spells  [Unskilled]
   enchantment spells [Unskilled]
   escape spells      [Unskilled]

Voluntary challenges:
 Character rerolling was not enabled.
 You never hit with a wielded weapon.
 You never genocided any monsters.
 You never polymorphed an object.
 You never changed form.
 You used no wishes.
Achievements:
 You entered the Gnomish Mines.
 You attained the rank of Sightseer.
 You entered Minetown.

 The Dungeons of Doom: levels 1 to 3
    Level 1:
    Level 2:
       A fountain.
       Stairs down to The Gnomish Mines.
    Level 3:
 The Gnomish Mines: levels 3 to 6
    Level 3:
    Level 4: <- You were here.
       Final resting place for
          you, killed by a dwarf zombie, while praying.
    Level 5:
       A grave.
       Final resting place for
          6tay9-Bar-Hum-Fem-Neu, killed by a gold golem.
    Level 6:
       An altar, some fountains, a grave.
       Final resting place for
          Japes-Mon-Hum-Mal-Law, killed by a werewolf.


Vanquished creatures:
  a gold golem
  2 gnome leaders
  a little dog
  a dwarf
  a giant bat
  a dwarf zombie
  7 gnomes
  a fox
  2 goblins
  4 grid bugs
  a lichen
  3 newts
25 creatures vanquished.

No species were genocided or became extinct.

Game over:
                       ----------
                      /          \
                     /    REST    \
                    /      IN      \
                   /     PEACE      \
                  /                  \
                  |    DiePARTEI     |
                  |      909 Au      |
                  |   killed by a    |
                  |   dwarf zombie   |
                  |                  |
                  |                  |
                  |       2026       |
                 *|     *  *  *      | *
        _________)/\\_//(\/(/\)/\//\/|_)_______

Aloha DiePARTEI the Tourist...

You died in The Gnomish Mines on dungeon level 4 with 1135 points,
and 909 pieces of gold, after 805 moves.
You were level 4 with a maximum of 39 hit points when you died.

